 Dungeon Crawl Stone Soup version 0.29.1-15-g9cfb28693d (webtiles) character file.

Game seed: 3280824511174428965

14725 tizbic2 the Fighter (level 12, 0/132 HPs)
             Began as an Ogre Gladiator on Apr 23, 2023.
             Was the Champion of the Shining One.
             Slain by an orc warrior
             ... wielding a +0 halberd
              (7 damage)
             ... on level 11 of the Dungeon.
             The game lasted 00:46:33 (10955 turns).

tizbic2 the Fighter (Ogre Gladiator)               Turns: 10955, Time: 00:46:34

Health: 0/132      AC:  9    Str: 29    XL:     12   Next: 19%
Magic:  22/23      EV: 10    Int:  9    God:    the Shining One [******]
Gold:   996        SH:  0    Dex: 10    Spells: 20/25 levels left

rFire   . . .      SeeInvis .   R - +0 hand axe (flame)
rCold   . . .      Faith    +   (no shield)
rNeg    + + +      Spirit   .   O - +0 troll leather armour
rPois   +          Reflect  .   c - +2 hat
rElec   .          Harm     .   p - +1 cloak of Inaction {Str+4 Stlth+}
rCorr   .          Rampage  .   (gloves unavailable)
Will    +....                   (boots unavailable)
Stlth   +.........              h - amulet of faith
HPRegen 1.12/turn               x - ring of wizardry
MPRegen 0.18/turn               K - ring of poison resistance

@: about to teleport, glowing
A: large, unfitting armour, tough skin 1
a: Renounce Religion, Divine Shield, Cleansing Flame, Summon Divine Warrior


You were on level 11 of the Dungeon.
You worshipped the Shining One.
The Shining One was exalted by your worship.
You visited 1 branch of the dungeon, and saw 11 of its levels.
You also visited: Sewer and Ossuary.

You collected 996 gold pieces.

Inventory:

Hand Weapons
 a - a +4 giant club of holy wrath
 w - a +0 spectral giant spiked club
 R - a +0 hand axe of flaming (weapon)
 U - the +11 plutonium sword {Contam Stlth-}
   (You took it off a centaur on level 9 of the Dungeon)

   It occasionally inflicts wild transmutation effects on those it strikes,
   inflicting malmutation or extra damage, or polymorphing them into a new form.
   Contam:    It causes magical contamination when unequipped.
   Stlth:     It makes you less stealthy.
 V - a +4 spear of venom
Missiles
 d - 2 throwing nets
 e - 19 large rocks (quivered)
 i - 70 stones
 C - 8 javelins
 L - 10 curare-tipped darts
 P - 32 poisoned darts
Armour
 c - a +2 hat (worn)
 j - +2 steam dragon scales
 p - the +1 cloak of Inaction (worn) {Str+4 Stlth+}
   (You found it on level 5 of the Dungeon)

   Str:       It affects your strength (+4).
   Stlth:     It makes you more stealthy.
 E - a +2 robe of positive energy
 O - a +0 troll leather armour (worn)
Jewellery
 b - a ring of see invisible
 h - an amulet of faith (around neck)
 l - a ring of protection from fire
 x - a ring of wizardry (left hand)
 z - a ring of protection from fire
 B - a ring of flight
 K - a ring of poison resistance (right hand)
 Q - a +6 ring of intelligence
 S - an amulet of magic regeneration
Wands
 v - a wand of charming (4)
 y - a wand of flame (37)
 J - a wand of polymorph (11)
Scrolls
 k - 2 scrolls of magic mapping
 t - 3 scrolls of summoning
 D - a scroll of teleportation
 H - a scroll of silence
 M - 2 scrolls of blinking
 W - a scroll of vulnerability
 X - a scroll of immolation
Potions
 f - 2 potions of degeneration {unknown}
 g - 3 potions of cancellation
 m - 5 potions of might
 n - 3 potions of lignification {unknown}
 o - 2 potions of mutation {unknown}
 q - a potion of curing
 r - 4 potions of berserk rage
 s - 4 potions of flight
 u - 4 potions of heal wounds {unknown}
 A - 2 potions of brilliance {unknown}
 G - 2 potions of haste
 I - 2 potions of resistance
 N - a potion of ambrosia {unknown}
 T - a potion of invisibility {unknown}
Miscellaneous
 F - a phial of floods


   Skills:
 + Level 12.0 Fighting
 * Level 12.0 Maces & Flails
 - Level 2.0 Throwing
 - Level 2.6 Dodging
 + Level 7.3 Spellcasting
 + Level 2.1 Conjurations
 + Level 1.3 Poison Magic
 + Level 9.8 Invocations


You had 20 spell levels left.
You knew the following spells:

 Your Spells              Type           Power      Damage    Failure   Level
a - Dazzling Flash        Conj/Hex       10%        N/A       16%         3
b - Poisonous Vapours     Pois/Air       8%         N/A       10%         2

Your spell library contained the following spells:

 Spells                   Type           Power      Damage    Failure   Level
 Sting                    Tmut/Pois      16%        1d3       6%          1
 Olgreb's Toxic Radiance  Pois           5%         N/A       43%         4
 Iskenderun's Mystic Bla  Conj/Tloc      5%         2d3       45%         4
 Starburst                Conj/Fire      2%         6d3       100%        6


Dungeon Overview and Level Annotations

Branches:
Dungeon (11/15)            Temple (0/1) D:5            Lair (0/5) D:11
  Sewer (visited)         Ossuary (visited)
    Orc: D:9-12

Altars:
Ashenzari
Gozag
Makhleb
Nemelex Xobeh
Okawaru
Qazlal
Vehumet
Wu Jian
Zin
The Shining One

Annotations:
D:4 3 runed translucent doors, Verono's ghost, amateur DrHu


Innate Abilities, Weirdness & Mutations

You are too large for most types of armour.
You have tough skin. (AC +1)


Message History

The orc hits you but does no damage. The orc warrior closely misses you.
The orc warrior barely misses you. The orc warrior misses you.
The orc warrior barely misses you.
Okay, then.
Your +0 hand axe of flaming bursts into flame!
R - a +0 hand axe of flaming (weapon)
The orc warrior closely misses you. The orc closely misses you.
The orc warrior hits you from afar with a +0 glaive!!
You hit the orc. You burn the orc.
The orc is almost dead.
You hit the komodo dragon but do no damage.
You slash the quokka! You burn the quokka.
You kill the quokka!
The komodo dragon barely misses you. The orc completely misses you.
The orc warrior hits you with a +0 halberd.
A quokka comes into view.
The orc warrior hits you with a +0 glaive!!
The komodo dragon bites you!!
Unknown command.
As you read the scroll of teleportation, it crumbles to dust.
You feel strangely unstable. The rat barely misses you.
The orc hits you with a +0 hand axe. The orc warrior completely misses you.
The orc warrior closely misses you. x2; The komodo dragon bites you!
* * * LOW HITPOINT WARNING * * *
You feel better. The orc barely misses you.
The orc warrior hits you with a +0 halberd.
The orc warrior hits you with a +0 glaive!
* * * LOW HITPOINT WARNING * * *
The orc warrior hits you with a +0 dire flail.
* * * LOW HITPOINT WARNING * * *
The komodo dragon bites you!!
* * * LOW HITPOINT WARNING * * *
The Shining One will bless one of your weapons.
Do you wish to have your +2 giant club of flaming blessed with holy wrath?
Your giant club shines brightly!
The Shining One booms: Use this gift wisely!
The orc hits you but does no damage. The orc warrior closely misses you.
The orc warrior hits you with a +0 halberd!
You die...

#......# #......# #......#
#......#### #.)†....#
#.......# #......o#### #
#.†...ooo..##.#..
##########.†...l@Y.#......
...............o.r..r.....
....################...#..
......# #<..# .#.Y.
....#.#########.# .. .
.....†).........# >.
......########### ..
##.#..# . #.#..#


You could see a death yak, a komodo dragon, 3 orc warriors, 2 orcs, a quokka and
a rat.

Vanquished Creatures
  A boulder beetle (D:11)
  2 two-headed ogres
  Nergalle (D:10)
  4 cyclopes
  Joseph (D:7)
  2 trolls
  A slime creature (D:9)
  A hornet (D:9)
  Sigmund (D:2)
  3 shadows
  A vampire (D:10)
  3 wraiths
  A wyvern (D:9)
  7 yaks (D:9)
  A yak (shapeshifter) (D:9)
  14 vampire mosquitoes
  2 steam dragons
  Menkaure (D:5)
  A water moccasin (D:8)
  6 orc warriors
  4 sky beasts
  An ice beast (D:7)
  An ogre (D:5)
  4 centaurs (D:9)
  5 kobold brigands
  2 phantoms
  2 necrophages
  3 bullfrogs
  3 gnoll sergeants
  6 scorpions
  A wight (D:9)
  16 killer bees
  3 howler monkeys
  3 jellies
  3 hounds
  10 orc priests
  Crazy Yiuf (D:2)
  An iguana (D:6)
  Ijyb (D:3)
  10 orc wizards
  A hell rat (D:11)
  Natasha (thrice) (D:3)
  8 mummies (Ossuary)
  8 adders
  6 gnolls
  5 river rats
  A shadow imp (D:6)
  A white imp (D:6)
  2 ufetubi (D:4)
  A worm (D:4)
  3 dart slugs
  49 orcs
  4 endoplasms
  5 giant cockroaches
  6 goblins
  7 hobgoblins
  7 jackals
  4 quokkas
  8 ball pythons
  4 bats
  A frilled lizard (D:1)
  2 goblin zombies (D:5)
  3 hobgoblin zombies (Ossuary)
  16 kobolds
  3 kobold zombies (Ossuary)
  2 orc zombies (Ossuary)
  6 rats
300 creatures vanquished.

Vanquished Creatures (collateral kills)
  3 orcs (D:6)
3 creatures vanquished.

Vanquished Creatures (others)
  9 plants (D:4)
9 creatures vanquished.

Grand Total: 312 creatures vanquished

Notes
Turn   | Place    | Note
-------+----------+-------------------------------------------
     0 | D:1      | tizbic2 the Ogre Gladiator began the quest for the Orb.
     0 | D:1      | Reached XP level 1. HP: 22/22 MP: 1/1
   193 | D:1      | Reached XP level 2. HP: 26/31 MP: 2/2
   242 | D:1      | Noticed a great orb of eyes
   250 | D:1      | Found a faded altar of an unknown god.
   251 | D:1      | Noticed a shining eye
   251 | D:1      | Noticed a shining eye
   251 | D:1      | Noticed a shining eye
   266 | D:1      | Prayed at the altar of an unknown god.
   266 | D:1      | Became a worshipper of the Shining One
   266 | D:1      | Reached * piety under the Shining One
   655 | D:1      | Reached XP level 3. HP: 36/37 MP: 3/3
   809 | D:2      | Reached skill level 1 in Invocations
  1133 | D:2      | Found a runed translucent door.
  1134 | D:2      | Noticed Crazy Yiuf
  1141 | D:2      | Killed Crazy Yiuf
  1142 | D:2      | Reached XP level 4. HP: 33/48 MP: 0/5
  1627 | D:2      | Noticed Sigmund
  1634 | D:2      | Killed Sigmund
  1635 | D:2      | Reached XP level 5. HP: 46/55 MP: 5/7
  1635 | D:2      | Reached XP level 6. HP: 53/63 MP: 5/8
  1941 | D:3      | Noticed Ijyb
  1949 | D:3      | Killed Ijyb
  2037 | D:3      | Learned a level 3 spell: Dazzling Flash
  2096 | D:3      | Noticed a sky beast
  2102 | D:3      | Killed a sky beast
  2103 | D:3      | Reached skill level 5 in Fighting
  2103 | D:3      | Reached skill level 5 in Maces & Flails
  2258 | D:3      | Noticed Natasha
  2266 | D:3      | Killed Natasha
  2266 | D:3      | Reached ** piety under the Shining One
  2490 | D:3      | Noticed Natasha
  2497 | D:3      | Killed Natasha
  2498 | D:3      | Reached XP level 7. HP: 56/72 MP: 9/9
  2502 | D:3      | Noticed Natasha
  2509 | D:3      | Killed Natasha
  2661 | D:3      | Noticed a steam dragon
  2678 | D:3      | Killed a steam dragon
  3391 | D:4      | Found a runed translucent gate.
  3391 | D:4      | Found a runed translucent gate.
  3395 | D:4      | Found a runed translucent gate.
  3415 | D:4      | Reached XP level 8. HP: 84/84 MP: 11/11
  3427 | D:4      | Reached *** piety under the Shining One
  3573 | D:4      | Noticed Verono's ghost (amateur DrHu)
  3708 | D:5      | Entered Level 5 of the Dungeon
  3824 | D:5      | Reached skill level 5 in Invocations
  3931 | D:5      | Found a sand-covered staircase.
  4014 | Ossuary  | Entered an ossuary
  4019 | Ossuary  | Reached **** piety under the Shining One
  4650 | D:5      | Noticed Menkaure
  4660 | D:5      | Killed Menkaure
  4660 | D:5      | Reached ***** piety under the Shining One
  4687 | D:5      | Identified the +1 cloak of Inaction {Str+4 Stlth+}
  4739 | D:5      | Found a staircase to the Ecumenical Temple.
  4762 | D:5      | Reached XP level 9. HP: 78/94 MP: 13/13
  5010 | D:5      | Found a glowing golden altar of the Shining One.
  5377 | D:6      | Found a glowing drain.
  5382 | Sewer    | Entered a sewer
  5450 | Sewer    | Found a white marble altar of Elyvilon.
  5643 | D:6      | Found a broken altar of Ashenzari.
  6038 | D:7      | Found a radiant altar of Vehumet.
  6047 | D:7      | Reached skill level 1 in Spellcasting
  6218 | D:7      | Found an iron altar of Okawaru.
  6459 | D:7      | Noticed Joseph
  6467 | D:7      | Killed Joseph
  6808 | D:7      | Found a sparkling altar of Nemelex Xobeh.
  6811 | D:7      | Found an opulent altar of Gozag.
  7082 | D:7      | Found a glowing silver altar of Zin.
  7083 | D:7      | Found a burning altar of Makhleb.
  7231 | D:7      | Reached XP level 10. HP: 107/107 MP: 15/15
  7325 | D:8      | Noticed a two-headed ogre
  7331 | D:8      | Killed a two-headed ogre
  7344 | D:8      | Found a stormy altar of Qazlal.
  8077 | D:9      | Reached skill level 10 in Fighting
  8080 | D:9      | Reached skill level 10 in Maces & Flails
  8106 | D:9      | Found an iron altar of Okawaru.
  8325 | D:9      | Identified the +5 ring mail "Sestilamm" {Int+4 Dex+4}
  8335 | D:9      | Reached skill level 5 in Spellcasting
  8657 | D:9      | Noticed a two-headed ogre
  8665 | D:9      | Killed a two-headed ogre
  8666 | D:9      | Reached XP level 11. HP: 101/119 MP: 17/19
  8670 | D:9      | Noticed a cyclops
  9130 | D:9      | Found an ornate altar of the Wu Jian Council.
  9153 | D:9      | Reached ****** piety under the Shining One
  9638 | D:9      | Noticed a cyclops
  9643 | D:9      | Killed a cyclops
  9676 | D:9      | Killed a cyclops
 10289 | D:10     | Entered Level 10 of the Dungeon
 10384 | D:10     | Learned a level 2 spell: Poisonous Vapours
 10412 | D:10     | Noticed Nergalle
 10421 | D:10     | Killed Nergalle
 10528 | D:10     | Reached skill level 1 in Conjurations
 10881 | D:11     | Reached XP level 12. HP: 123/132 MP: 22/22
 10894 | D:11     | Noticed a boulder beetle
 10913 | D:11     | Killed a boulder beetle
 10914 | D:11     | Reached skill level 1 in Poison Magic
 10946 | D:11     | Noticed a death yak
 10947 | D:11     | Found a staircase to the Lair.
 10947 | D:11     | Noticed a death yak
 10954 | D:11     | HP: 6/132 [komodo dragon (21)]
 10955 | D:11     | Identified a +4 giant club of holy wrath (a +2 giant club
                  | of flaming blessed by the Shining One)
 10955 | D:11     | Received a gift from the Shining One
 10955 | D:11     | Slain by an orc warrior

Illustrated notes

Levels and vault maps discovered:
D:1:      amcnicky_arrival_feature_with_door, layout_basic,
          hellmonk_ecumenical_altar_watching_god
D:2:      layout_loops_ring, uniq_crazy_yiuf_cottage, uniq_sigmund
D:3:      layout_basic, grunt_decor_one_mirror, uniq_natasha, uniq_ijyb
D:4:      layout_cave_pools, serial_bayou, serial_bayou_lagoon_a,
          serial_bayou_shore_b, serial_bayou_pond_b, serial_bayou_pond_b,
          gammafunk_ghost_icy
D:5:      layout_cave_pods, general_overflow_altar, temple_pool_b,
          enter_ossuary_4, chequers_serial_rivers_micro_d, uniq_menkaure
D:6:      layout_loops_cross, old_standard_altar, portal_sewer_entry_e,
          hangedman_decor_riveting
D:7:      layout_basic, nicolae_overflow_hidden_temple, okawaru_gym_becter,
          mainiacjoe_overflow_surrounded_room, uniq_joseph
D:8:      layout_basic, mainiacjoe_overflow_six_doors_small
D:9:      cheibrodos_ideogram_h, layout_loops_cross,
          nicolae_wu_jian_wuxing_cycle, david_defended_altar_orc
D:10:     layout_irregular_city, uniq_nergalle
D:11:     layout_basic, dpeg_lair_monsters, orc_david_3

Skill      XL: |  1  2  3  4  5  6  7  8  9 10 11 12 |
---------------+-------------------------------------+-----
Fighting       | 3 4 5 6 7 9 10 11 12 | 12.0
Maces & Flails | 3 4 5 6 7 9 10 11 12 | 12.0
Invocations    | 1 2 3 4 5 7 8 9 |  9.8
Spellcasting   | 3 5 7 |  7.3
Conjurations   | 1 2 |  2.1
Poison Magic   | 1 |  1.3
Throwing       | |  2.0
Dodging        | |  2.6

Action                   |  1- 3 |  4- 6 |  7- 9 | 10-12 || total
-------------------------+-------+-------+-------+-------++-------
Melee: Flail             |   101 |    60 |   188 |       ||   349
       Mace              |     1 |     9 |    15 |       ||    25
       Punch             |       |     1 |       |       ||     1
       Giant club        |       |       |   110 |    58 ||   168
       Giant spiked club |       |       |       |   171 ||   171
       Hand axe          |       |       |       |     1 ||     1
Throw: Throwing net      |       |     1 |       |     1 ||     2
       Boomerang         |       |       |     8 |     6 ||    14
       Javelin           |       |       |     1 |     3 ||     4
       Dart              |       |       |       |     6 ||     6
 Cast: Dazzling Flash    |       |       |     2 |       ||     2
       Poisonous Vapours |       |       |       |     2 ||     2
Invok: Divine Shield     |       |       |     1 |     1 ||     2
       Brand Weapon With |       |       |       |     1 ||     1
  Use: Scroll            |       |     2 |    16 |     8 ||    26
       Potion            |       |       |     2 |     4 ||     6
Armor: Robe              |    56 |    24 |     3 |       ||    83
       Steam dragon scal |       |       |   158 |   135 ||   293
       Troll leather arm |       |       |       |    17 ||    17
Dodge: Dodged            |    68 |    22 |   196 |   161 ||   447
Block: Other             |       |       |    16 |     5 ||    21
